 Dungeon Crawl Stone Soup version 0.31.0-32-g396128a36d (webtiles) character file.

Game seed: 9801801042177731809

1 H0rd4k the Charlatan (level 1, -1/13 HPs)
             Began as an Octopode Artificer on Apr 24, 2024.
             Slain by a goblin
             ... wielding a +0 club
              (2 damage)
             ... on level 1 of the Dungeon.
             The game lasted 00:00:10 (166 turns).

H0rd4k the Charlatan (Octopode Artificer)            Turns: 166, Time: 00:00:11

Health: -1/13      AC:  1    Str: 11    XL:     1   Next: 20%
Magic:  1/1        EV: 13    Int: 13    God:
Gold:   5          SH:  0    Dex: 12    Spells: 0/0 levels left

rFire   . . .        (no weapon)
rCold   . . .        (no shield)
rNeg    . . .        (helmet restricted)
rPois   .            (no amulet)
rElec   .            (no ring)
rCorr   .            (no ring)
SInv    .            (no ring)
Will    .....        (no ring)
Stlth   +++          (no ring)
HPRegen 0.22/turn    (no ring)
MPRegen 0.07/turn    (no ring)
                     (no ring)

%: no passive effects
@: no status effects
A: almost no armour, amphibious, 8 rings, camouflage 1, gelatinous body 1,
(nimble swimmer 1), tentacles
a: no special abilities


You were on level 1 of the Dungeon.
You visited 1 branch of the dungeon, and saw 1 of its levels.

You collected 5 gold pieces.

Inventory:

Wands
 b - a wand of flame (15) (quivered)
 c - a wand of charming (15)
 d - a wand of iceblast (5)
Scrolls
 a - a scroll of revelation {unknown}
 e - a scroll of acquirement {unknown}
Potions
 f - a potion of haste {unknown}


   Skills:
 + Level 1.1 Fighting
 - Level 2.3 Dodging
 - Level 1.3 Stealth
 + Level 0.2 Unarmed Combat
 - Level 3.2 Evocations


You couldn't memorise any spells.
You didn't know any spells.
Your spell library contained the following spells:

 Spells                   Type           Power      Damage    Failure   Level
 Magic Dart               Conj           0%         1d3       30%         1
 Blink                    Tloc           0%         N/A       43%         2
 Call Imp                 Summ           0%         N/A       43%         2


Dungeon Overview and Level Annotations

Branches:
Dungeon (1/15)

Altars:


Innate Abilities, Weirdness & Mutations

You cannot wear most types of armour.
You are amphibious.
You can wear up to eight rings at the same time.
Your skin changes colour to match your surroundings (Stealth+).
Your rubbery body absorbs attacks. (AC +1, EV +1)
((You are camouflaged when in or above water. (Stealth+)))
You have tentacles for arms and can constrict up to eight enemies at once.


Message History

A quokka comes into view.
A quokka is nearby!
A quokka is nearby!
A goblin comes into view. It is wielding a +0 club.
There is a stone staircase leading down here.
There are monsters nearby!
The goblin shouts!
There are monsters nearby!
There are monsters nearby!
The helpless quokka fails to defend itself.
You tentacle-slap the quokka. Your grab misses the quokka.
Your squeeze misses the quokka.
The quokka is heavily wounded.
The quokka bites you. The quokka misses you.
There are monsters nearby!
You tentacle-slap the quokka. Your grab misses the quokka.
The quokka is severely wounded.
The quokka bites you.
There are monsters nearby!
You barely miss the quokka. Your grab misses the quokka.
The quokka is severely wounded.
The quokka bites you.
There are monsters nearby!
You are too injured to fight recklessly!
There are monsters nearby!
You are too injured to fight recklessly!
There are monsters nearby!
The quokka bites you.
* * * LOW HITPOINT WARNING * * *
You barely miss the quokka. You grab the quokka.
The quokka is severely wounded.
You constrict the quokka, but do no damage.
The quokka closely misses you.
You tentacle-slap the quokka but do no damage.
The quokka is severely wounded.
You constrict the quokka. The quokka misses you. The quokka closely misses you.
You tentacle-slap the quokka.
You kill the quokka!
The goblin hits you with a +0 club.
You die...

....###
#.......####
......###
#......##
........#
#......#
.......###.)#####
#..........#
+....>.....#
#....##....#
#.g..##....#
#†@..##....#
############


You could see a goblin.

Vanquished Creatures
  A goblin (D:1)
  A quokka (D:1)
2 creatures vanquished.

Notes
Turn   | Place    | Note
-------+----------+-------------------------------------------
     0 | D:1      | H0rd4k the Octopode Artificer began the quest for the Orb.
     0 | D:1      | Reached XP level 1. HP: 13/13 MP: 1/1
   166 | D:1      | Slain by a goblin

Illustrated notes

Levels and vault maps discovered:
D:1:      mrwooster_arrival_statue_3, layout_basic

Action                     || total
---------------------------++-------
  Melee: Unarmed           ||     8
         Constrict         ||     2
   Stab: Sleeping          ||     1
 Armour: Skin              ||     6
  Dodge: Dodged            ||     4
